 Dungeon Crawl Stone Soup version 0.28.0-53-g5a82cb258f (webtiles) character file.

Game seed: 13167111905249514432

141 bchevrier the Grasshopper (level 5, 0/43 HPs)
             Began as a Gnoll Warper on June 23, 2022.
             Slain by Eustachio the unseen horror (2 damage)
             ... on level 4 of the Dungeon.
             The game lasted 00:08:53 (3350 turns).

bchevrier the Grasshopper (Gnoll Warper)            Turns: 3350, Time: 00:08:53

Health: 0/43       AC:  9    Str: 13    XL:     5   Next: 24%
Magic:  12/12      EV:  7    Int: 12    God:
Gold:   119        SH:  0    Dex: 11    Spells: 12/14 levels left

rFire   . . .      SeeInvis .   s - +0 dagger (freeze)
rCold   . . .      Faith    .   (no shield)
rNeg    . . .      Spirit   .   k - +0 chain mail
rPois   .          Reflect  .   (no helmet)
rElec   .          Harm     .   (no cloak)
rCorr   .          Rampage  .   (no gloves)
Will    .....                   (no boots)
Stlth   ..........              (no amulet)
HPRegen 0.14/turn               (no ring)
MPRegen 0.13/turn               (no ring)

@: no status effects
A: fangs 1, strong nose, distributed training
a: no special abilities


You were on level 4 of the Dungeon.
You visited 1 branch of the dungeon, and saw 4 of its levels.

You collected 119 gold pieces.

Inventory:

Hand Weapons
 a - a +0 hand axe
 s - a +0 dagger of freezing (weapon)
Missiles
 d - 5 boomerangs of dispersal (quivered)
 i - 3 poisoned darts
 p - 6 boomerangs
Armour
 k - a +0 chain mail (worn)
Magical Staves
 n - a staff of conjuration
Jewellery
 t - a ring of protection from fire
 v - a ring of protection from cold
Wands
 h - a wand of flame (16)
 w - a wand of polymorph (5)
Scrolls
 c - a scroll of blinking
 f - a scroll of vulnerability {unknown}
 g - a scroll of brand weapon {unknown}
 j - a scroll of amnesia {unknown}
 l - a scroll of holy word {unknown}
 m - a scroll of enchant weapon {unknown}
 r - a scroll of magic mapping {unknown}
 u - a scroll of teleportation {unknown}
Potions
 b - 2 potions of invisibility
 e - 4 potions of degeneration {unknown}
 o - 2 potions of brilliance
 q - a potion of attraction {unknown}


   Skills:
 + Level 4.7 Fighting
 + Level 1.4 Short Blades
 + Level 1.4 Long Blades
 + Level 4.7 Axes
 + Level 1.4 Maces & Flails
 + Level 1.4 Polearms
 + Level 1.4 Staves
 + Level 1.4 Slings
 + Level 1.4 Bows
 + Level 1.4 Crossbows
 + Level 2.9 Throwing
 + Level 2.9 Armour
 + Level 4.7 Dodging
 + Level 1.4 Stealth
 + Level 1.4 Shields
 + Level 1.4 Unarmed Combat
 + Level 5.2 Spellcasting
 + Level 1.1 Conjurations
 + Level 1.1 Hexes
 + Level 1.1 Summonings
 + Level 1.1 Necromancy
 + Level 5.5 Translocations
 + Level 1.1 Transmutations
 + Level 1.1 Fire Magic
 + Level 1.1 Ice Magic
 + Level 1.1 Air Magic
 + Level 1.1 Earth Magic
 + Level 1.1 Poison Magic
 + Level 1.6 Invocations
 + Level 1.4 Evocations


You had 12 spell levels left.
You knew the following spells:

 Your Spells              Type           Power      Damage    Failure   Level
a - Blink                 Tloc           32%        N/A       65%         2

Your spell library contained the following spells:

 Spells                   Type           Power      Damage    Failure   Level
 Gell's Gravitas          Tloc           16%        N/A       87%         3
 Lesser Beckoning         Tloc           16%        N/A       87%         3
 Teleport Other           Tloc           16%        N/A       87%         3
 Corpse Rot               Necr/Air       10%        N/A       99%         2
 Ensorcelled Hibernation  Hex/Ice        10%        N/A       99%         2
 Poisonous Vapours        Pois/Air       10%        N/A       99%         2
 Spider Form              Tmut/Pois      5%         N/A       100%        3
 Anguish                  Hex/Necr       2%         N/A       100%        4
 Alistair's Intoxication  Tmut/Pois      3%         N/A       100%        5
 Borgnjor's Vile Clutch   Necr/Erth      2%         N/A       100%        5
 Manifold Assault         Tloc           16%        N/A       100%        5
 Eringya's Noxious Bog    Tmut/Pois      2%         N/A       100%        6


Dungeon Overview and Level Annotations

Branches:
Dungeon (4/15)
 Temple: D:4-7

Altars:

Shops:
D:1 (   D:2 (

Annotations:
D:4 Eustachio


Innate Abilities, Weirdness & Mutations

You have very sharp teeth.
Your uncanny sense of smell can sniff out nearby items.
Your experience applies equally to all skills.


Message History

There are no items here.
Eustachio the Magnificent comes into view.
He is wielding a +0 rapier.
Eustachio shouts!
Eustachio gestures wildly while chanting.
Eustachio blinks!
Eustachio brags, "I can call spirits from the vasty deep."
You see here a bullfrog corpse.
Eustachio gestures wildly while chanting.
Eustachio blinks!
Found a quarterstaff.
You see here a wand of polymorph (6).
w - a wand of polymorph (6)
Okay, then.
Aiming: Polymorph
Press: ? - help, Shift-Dir - straight line, f - Eustachio
Aim: Eustachio, wielding a +0 rapier and wearing a +0 leather armour (will become an unseen horror, a bat, or a steam dragon, chance to affect: 52%) Eustachio evaporates and reforms as something you cannot see!
Something hits you but does no damage.
Deactivating autopickup; reactivate with Ctrl-A.
You hit something but do no damage. Something hits you. Something hits you.
Something hits you but does no damage. Something hits you but does no damage.
Something hits you! Something hits you.
Things that are here:
a +0 rapier; a +0 leather armour
Aiming: Throw Flame
Press: ? - help, Shift-Dir - straight line The puff of flame hits something but does no damage.
Something hits you!
* * * LOW HITPOINT WARNING * * *
Something hits you but does no damage. Something hits you.
* * * LOW HITPOINT WARNING * * *
Something hits you but does no damage. Something hits you but does no damage.
Something hits you.
* * * LOW HITPOINT WARNING * * *
Something hits you.
You die...

#.................######
#......................#
#......................#
#......................#
#....................[.#
#......................#
#...............†......#
#......................#
/......@........###
...................
#######....)......$.
#.............§
#..............
#..........###.
#.)........#
#...........#
#...........#


There were no monsters in sight!

Vanquished Creatures
  A bullfrog (D:4)
  An adder (D:3)
  A worm (D:3)
  2 dart slugs
  8 orcs (D:3)
  6 ball pythons
  2 bats
  7 endoplasms
  2 giant cockroaches (D:3)
  A hobgoblin (D:3)
  6 kobolds
  A quokka (D:2)
  4 frilled lizards
  4 goblins
  5 rats
51 creatures vanquished.

Notes
Turn   | Place    | Note
-------+----------+-------------------------------------------
     0 | D:1      | bchevrier the Gnoll Warper began the quest for the Orb.
     0 | D:1      | Reached XP level 1. HP: 20/20 MP: 6/6
   176 | D:1      | Reached XP level 2. HP: 12/26 MP: 7/7
   179 | D:1      | Learned a level 2 spell: Blink
   384 | D:1      | Found Giyxzyro's Weapon Shoppe.
  1381 | D:2      | Reached XP level 3. HP: 28/31 MP: 9/9
  1481 | D:2      | Found Liehu's Weapon Shop.
  1663 | D:2      | Reached skill level 5 in Spellcasting
  2222 | D:3      | Reached skill level 1 in Invocations
  2415 | D:3      | Reached skill level 1 in Short Blades
  2415 | D:3      | Reached skill level 1 in Long Blades
  2415 | D:3      | Reached skill level 1 in Maces & Flails
  2415 | D:3      | Reached skill level 1 in Polearms
  2415 | D:3      | Reached skill level 1 in Staves
  2415 | D:3      | Reached skill level 1 in Slings
  2415 | D:3      | Reached skill level 1 in Bows
  2415 | D:3      | Reached skill level 1 in Crossbows
  2415 | D:3      | Reached skill level 1 in Stealth
  2415 | D:3      | Reached skill level 1 in Shields
  2415 | D:3      | Reached skill level 1 in Unarmed Combat
  2415 | D:3      | Reached skill level 1 in Evocations
  2730 | D:3      | Reached XP level 4. HP: 16/38 MP: 11/11
  3287 | D:4      | Noticed a bullfrog
  3305 | D:4      | Killed a bullfrog
  3306 | D:4      | Reached skill level 1 in Conjurations
  3306 | D:4      | Reached skill level 1 in Hexes
  3306 | D:4      | Reached skill level 1 in Summonings
  3306 | D:4      | Reached skill level 1 in Necromancy
  3306 | D:4      | Reached skill level 1 in Transmutations
  3306 | D:4      | Reached skill level 1 in Fire Magic
  3306 | D:4      | Reached skill level 1 in Ice Magic
  3306 | D:4      | Reached skill level 1 in Air Magic
  3306 | D:4      | Reached skill level 1 in Earth Magic
  3306 | D:4      | Reached skill level 1 in Poison Magic
  3306 | D:4      | Reached XP level 5. HP: 23/43 MP: 12/12
  3324 | D:4      | Noticed Eustachio
  3338 | D:4      | Eustachio changed into something unseen
  3349 | D:4      | HP: 1/43 [something (4)]
  3350 | D:4      | Slain by Eustachio the unseen horror

Illustrated notes

Levels and vault maps discovered:
D:1:      minmay_arrival_four_loops, layout_basic, serial_shops, shop
D:2:      layout_basic, serial_shops, shop_fountains
D:3:      layout_rooms
D:4:      layout_basic, nicolae_gozag_cash_rules_everything_around_me,
          uniq_eustachio

Skill      XL: |  1  2  3  4 |
---------------+-------------+-----
Spellcasting   | 5 |  5.2
Invocations    | 1 |  1.6
Short Blades   | 1 |  1.4
Long Blades    | 1 |  1.4
Maces & Flails | 1 |  1.4
Polearms       | 1 |  1.4
Staves         | 1 |  1.4
Slings         | 1 |  1.4
Bows           | 1 |  1.4
Crossbows      | 1 |  1.4
Stealth        | 1 |  1.4
Shields        | 1 |  1.4
Unarmed Combat | 1 |  1.4
Evocations     | 1 |  1.4
Conjurations   | 1 |  1.1
Hexes          | 1 |  1.1
Summonings     | 1 |  1.1
Necromancy     | 1 |  1.1
Transmutations | 1 |  1.1
Fire Magic     | 1 |  1.1
Ice Magic      | 1 |  1.1
Air Magic      | 1 |  1.1
Earth Magic    | 1 |  1.1
Poison Magic   | 1 |  1.1
Fighting       | |  4.7
Axes           | |  4.7
Throwing       | |  2.9
Armour         | |  2.9
Dodging        | |  4.7
Translocations | |  5.5

Action                   |  1- 3 |  4- 6 || total
-------------------------+-------+-------++-------
Melee: Hand axe          |   118 |       ||   118
       Bite              |    11 |     4 ||    15
       Punch             |     2 |     1 ||     3
       Staff             |    19 |       ||    19
       Dagger            |    15 |    45 ||    60
 Cast: Blink             |     1 |       ||     1
Evoke: Wand              |       |     2 ||     2
  Use: Scroll            |     2 |       ||     2
 Stab: Sleeping          |     2 |       ||     2
Armor: Leather armour    |     4 |       ||     4
       Chain mail        |    78 |    44 ||   122
Dodge: Dodged            |    88 |     9 ||    97
